 Dungeon Crawl Stone Soup version 0.26-a0-737-g4e9f4955e2 (webtiles) character file.

Game seed: 8563253327892374277

118609 Ge0ff the Covert (level 16, 0/129 HPs)
             Began as a Gnoll Delver on Nov 4, 2020.
             Was the Champion of Fedhas.
             Slain by a wolf spider (1 damage)
             ... on level 1 of the Spider Nest.
             The game lasted 01:40:24 (33891 turns).

Ge0ff the Covert (Gnoll Delver)                    Turns: 33891, Time: 01:40:25

Health: 0/129      AC: 28    Str: 26    XL:     16   Next: 77%
Magic:  0/40       EV: 14    Int: 10    God:    Fedhas [******]
Gold:   2120       SH:  0    Dex: 18    Spells: 34/37 levels left

rFire    + + +     SeeInvis .   a - +10 long sword "Elocsec" {drain, rF+}
rCold    . . .     Faith    .   u - +1 kite shield {rF+}
rNeg     . . .     Spirit   +   D - +2 plate armour {rF+}
rPois    +         Reflect  .   (no helmet)
rElec    .         Harm     .   p - +2 cloak {MR+}
rCorr    .         Rampage  .   s - +3 pair of gauntlets of War {Slay+5}
MR       +++..                  Q - +2 pair of boots {run}
Stlth    ..........             r - amulet of guardian spirit
HPRegen  0.31/turn              m - ring of Divine Compulsion {rPois MR+ MP+9 Int-3 Slay+3, =R}
MPRegen  0.27/turn              t - +6 ring of strength

@: confused, quick
A: distributed training, fangs 1, strong nose
a: Wall of Briars, Grow Ballistomycete, Overgrow, Grow Oklob, Renounce Religion


You were on level 1 of the Spider Nest.
You worshipped Fedhas.
Fedhas was exalted by your worship.
You visited 5 branches of the dungeon, and saw 25 of its levels.
You also visited: Gauntlet and Volcano.

You collected 2850 gold pieces.
You spent 730 gold pieces at shops.

Inventory:

Hand Weapons
 a - the +10 long sword "Elocsec" (weapon) {drain, rF+}
   (You bought it in a shop on level 2 of the Orcish Mines)

   A truly terrible weapon, it drains the life of those it strikes.
   It protects you from fire.
 b - a +1 fustibalus of freezing
 w - a +2 dagger of venom
 Y - a +1 dagger of distortion
Missiles
 v - 27 sling bullets
 A - 774 stones
 G - 14 javelins
 I - 7 silver boomerangs (quivered)
 O - 367 arrows
 S - 43 boomerangs
Armour
 g - the +2 pair of gloves of Parlour Games {Harm Str+3 Dex+4}
   (You acquired it on level 9 of the Dungeon)

   It affects your strength (+3).
   It affects your dexterity (+4).
   It increases damage dealt and taken.
 p - a +2 cloak of magic resistance (worn)
 s - the +3 pair of gauntlets of War (worn) {Slay+5}
   (You took it off Nikola on level 1 of the Spider Nest)

   It affects your accuracy and damage with ranged weapons and melee attacks
   (+5).
 u - a +1 kite shield of fire resistance (worn)
 D - a +2 plate armour of fire resistance (worn)
 Q - a +2 pair of boots of running (worn)
Jewellery
 m - the ring of Divine Compulsion (left hand) {rPois MR+ MP+9 Int-3 Slay+3, =R}
   (You found it in a Gauntlet)

   [ring of protection from magic]

   It affects your intelligence (-3).
   It affects your accuracy and damage with ranged weapons and melee attacks
   (+3).
   It protects you from poison.
   It affects your resistance to hostile enchantments.
   It affects your magic capacity (+9).
 n - an uncursed ring of see invisible
 r - an amulet of guardian spirit (around neck)
 t - a +6 ring of strength (right hand)
 K - an uncursed ring of positive energy
Wands
 d - a wand of digging (10)
 e - a wand of enslavement (28)
 f - a wand of flame (37)
 j - a wand of acid (14)
 k - a wand of iceblast (7)
 x - a wand of random effects (8)
 P - a wand of polymorph (16)
Scrolls
 i - a scroll of identify
 y - 6 scrolls of immolation
 B - 5 scrolls of blinking
 C - 2 scrolls of remove curse
 E - 2 scrolls of fear
 F - 4 scrolls of fog
 J - a scroll of silence {!r}
 T - 12 scrolls of teleportation
 V - 3 scrolls of vulnerability
Potions
 o - 7 potions of ambrosia
 q - 13 potions of curing
 z - a potion of brilliance
 H - 5 potions of haste {!q}
 L - 5 potions of lignification
 M - 2 potions of might
 N - 3 potions of cancellation {!q}
 R - 2 potions of resistance
 W - 6 potions of heal wounds {!q}
 X - 2 potions of flight
 Z - 4 potions of berserk rage {!q}
Miscellaneous
 c - a condenser vane (inert)
 l - a lightning rod (1/4)
 U - a phantom mirror (inert)


   Skills:
 + Level 12.5 Fighting
 + Level 11.0 Short Blades
 + Level 11.8 Long Blades
 + Level 11.0 Axes
 + Level 11.0 Maces & Flails
 + Level 11.0 Polearms
 + Level 11.0 Staves
 + Level 11.0 Slings
 + Level 11.0 Bows
 + Level 11.0 Crossbows
 + Level 11.0 Throwing
 + Level 11.0 Armour
 + Level 11.8 Dodging
 + Level 14.0 Stealth
 + Level 11.0 Shields
 + Level 11.0 Unarmed Combat
 + Level 11.0 Spellcasting
 + Level 9.4 Conjurations
 + Level 9.4 Hexes
 + Level 9.4 Summonings
 + Level 9.4 Necromancy
 + Level 9.4 Translocations
 + Level 9.4 Transmutations
 + Level 9.4 Fire Magic
 + Level 9.4 Ice Magic
 + Level 9.4 Air Magic
 + Level 9.4 Earth Magic
 + Level 9.4 Poison Magic
 + Level 11.9 Invocations
 + Level 11.0 Evocations


You had 34 spell levels left.
You knew the following spells:

 Your Spells              Type           Power        Failure   Level
f - Mephitic Cloud        Conj/Pois/Air  ###.....     12%         3

Your spell library contained the following spells:

 Spells                   Type           Power        Failure   Level
 Corona                   Hex            ###....      3%          1
 Sting                    Tmut/Pois      ###.         3%          1
 Corpse Rot               Necr/Air       N/A          6%          2
 Passwall                 Tmut/Erth      ###.....     6%          2
 Poisonous Vapours        Pois/Air       ###...       6%          2
 Slow                     Hex            ###.....     6%          2
 Sublimation of Blood     Necr           ###.......   6%          2
 Ignite Poison            Fire/Tmut/Pois ###.....     12%         3
 Inner Flame              Hex/Fire       ###.....     12%         3
 Portal Projectile        Hex/Tloc       ###...       12%         3
 Stone Arrow              Conj/Erth      ###...       12%         3
 Cause Fear               Hex            ###.......   36%         4
 Dispel Undead            Necr           ###.....     36%         4
 Leda's Liquefaction      Hex/Erth       ###.......   36%         4
 Olgreb's Toxic Radiance  Pois           ###.....     36%         4
 Agony                    Necr           ###.....     71%         5
 Borgnjor's Vile Clutch   Necr/Erth      ###.......   71%         5
 Excruciating Wounds      Necr           ###.......   71%         5
 Starburst                Conj/Fire      ###.......   99%         6
 Ignition                 Fire           ###.......   100%        8
 Shatter                  Erth           ###.......   100%        9


Dungeon Overview and Level Annotations

Branches:
Dungeon (15/15)            Temple (1/1) D:5            Lair (6/6) D:10
  Swamp (0/4) Lair:4       Spider (1/4) Lair:2        Slime (0/5) Lair:6
    Orc (2/2) D:9             Elf (0/3) Orc:2        Vaults (0/5) D:13
 Depths (0/5) D:15        Volcano (visited)         Gauntlet (visited)

Altars:
Ashenzari
Cheibriados
Dithmenos
Elyvilon
Fedhas
Gozag
Hepliaklqana
Kikubaaqudgha
Makhleb
Nemelex Xobeh
Okawaru
Qazlal
Ru
Sif Muna
Trog
Uskayaw
Vehumet
Wu Jian
Xom
Yredelemnul
Zin
The Shining One
Beogh

Shops:
D:11 *   Orc:2 ::=([[!(

Annotations:
Lair:1 stash


Innate Abilities, Weirdness & Mutations

Your experience applies equally to all skills.
You have very sharp teeth.
Your uncanny sense of smell can sniff out nearby items.


Message History

The wolf spider is severely wounded.
The redback appears confused.
The explosion of spores engulfs the redback!!
The redback is almost dead.
The redback appears confused.
The explosion of spores engulfs the redback!!
The redback is almost dead.
The explosion of spores engulfs you!!!
You are more confused.
* * * LOW HITPOINT WARNING * * *
The wolf spider hits the jumping spider.
The wolf spider bites the jumping spider!
The orb spider pulsates with a strange energy.
The redback bites the wolf spider.
The wolf spider looks as sick as possible!
The redback poisons the wolf spider!
A tarantella comes into view.
The wolf spider hits you.
You die...
Fedhas appreciates your contribution to the ecosystem.

......#.....#.?........... .
##..................#.......
^#.............#^.#......#
..#........#.^#..........
..#..........^#..>......
#.#.....s#............
#.#....○..#........
#.......☼†#.s....##
..#.##...s@s..^....
.^.#...#^.†s.s..#...
.......##sss..^.....
.......†......./##
.......s†...s..^..
..:.#.........#...
#........#.......
..>)s............
.......!..##.....


You could see 2 wolf spiders, 3 orb spiders, a jumping spider, 3 tarantellas and
3 redbacks.

Vanquished Creatures
  Nikola (Spider:1)
  Jorgrun (Orc:1)
  Frances (D:13)
  Agnes (D:14)
  An orc warlord (Orc:2)
  The ghost of Perttuleena the Blocker, a journeyman MiGl of Lugonu (Lair:6)
  A minotaur (Gauntlet)
  An ettin (Orc:2)
  2 fire dragons
  3 vault guards
  A yaktaur captain (D:15)
  Fannar (D:12)
  4 boulder beetles
  2 centaur warriors
  An ogre mage (D:13)
  6 hydras
  9 two-headed ogres
  4 death yaks
  2 tengu warriors (D:13)
  A hell hog (Gauntlet)
  A dancing weapon (Orc:2)
  The ghost of Veteran the Thaumaturge, a novice DECj of Vehumet (D:9)
  3 skeletal warriors (D:14)
  2 unseen horrors
  3 wizards
  2 bog bodies (Lair:4)
  8 orc knights
  A deep elf archer (D:13)
  A swamp dragon (shapeshifter) (D:15)
  6 wolf spiders (Spider:1)
  2 orb spiders (Spider:1)
  2 cyclopes (D:12)
  3 salamanders (Volcano)
  3 orc sorcerers
  A deep elf mage (D:14)
  2 moths of wrath
  10 ugly things
  5 elephants (Lair:3)
  A centaur zombie (D:14)
  A black mamba (Lair:6)
  28 cane toads
  Psyche (D:10)
  A smoke demon (Gauntlet)
  A torpor snail (Lair:2)
  2 gargoyles
  4 centaur skeletons
  A redback zombie (D:15)
  A rime drake (Lair:2)
  2 yaktaurs
  A yaktaur (shapeshifter) (D:15)
  2 demonic crawlers (Spider:1)
  14 komodo dragons
  6 meliai
  A queen bee (D:12)
  6 polar bears
  4 tyrant leeches (Lair:6)
  4 trolls
  Grinder (D:3)
  6 jumping spiders (Spider:1)
  15 blink frogs
  7 dream sheep (Lair:6)
  5 wraiths
  7 redbacks (Spider:1)
  9 tarantellas (Spider:1)
  48 yaks
  A human (D:13)
  10 wyverns
  3 basilisks (Lair:4)
  8 fire bats
  11 vampire mosquitoes
  A steam dragon (Lair:2)
  Edmund (D:5)
  A warg (Orc:2)
  2 acid dragons
  3 hell hounds (Gauntlet)
  22 water moccasins
  7 black bears
  3 ice beasts
  5 sky beasts
  An eye of draining (D:14)
  45 orc warriors
  A necrophage (D:10)
  14 ogres
  17 centaurs
  2 phantoms
  16 wolves
  24 bullfrogs
  A big kobold (D:11)
  A gnoll sergeant (Orc:2)
  An earth elemental (D:10)
  A wyvern zombie (D:12)
  A water moccasin zombie (D:6)
  2 wyvern skeletons
  7 scorpions
  A water moccasin skeleton (D:7)
  30 killer bees
  6 howler monkeys
  14 wights
  3 electric eels
  2 crimson imps (Gauntlet)
  2 bullfrog zombies
  6 hounds
  6 jellies
  23 orc priests
  2 bullfrog skeletons
  4 iguanas
  33 orc wizards
  A hell rat (Lair:6)
  8 worker ants
  A hound skeleton (D:6)
  A worker ant zombie (D:7)
  A howler monkey zombie (D:6)
  10 adders
  6 shadow imps
  4 white imps
  2 ufetubi
  An ooze (Lair:6)
  An adder zombie (D:9)
  2 adder skeletons
  5 worms
  5 dart slugs
  4 leopard geckos
  115 orcs
  5 giant cockroaches
  7 goblins
  4 hobgoblins
  8 jackals
  2 quokkas (D:2)
  5 ball pythons
  13 bats
  4 frilled lizards
  8 kobolds
  A quokka skeleton (D:5)
  6 rats
  2 ballistomycete spores
855 creatures vanquished.

Vanquished Creatures (collateral kills)
  98 ballistomycete spores
98 creatures vanquished.

Vanquished Creatures (others)
  A blink frog (Lair:6)
  A wyvern (Volcano)
  A steam dragon (Volcano)
  A water moccasin (Lair:6)
  A bullfrog (Lair:6)
  11 ballistomycete spores
  A demonic plant (Gauntlet)
  44 fungi
  264 plants
325 creatures vanquished.

Grand Total: 1278 creatures vanquished

Notes
Turn   | Place    | Note
-------+----------+-------------------------------------------
     0 | D:5      | Reached skill level 9 in Stealth
     0 | D:5      | Ge0ff the Gnoll Delver began the quest for the Orb.
     0 | D:5      | Reached XP level 1. HP: 23/23 MP: 1/1
   258 | D:4      | Noticed an orc wizard
   258 | D:4      | Noticed a worker ant
   652 | D:5      | Killed a worker ant
   652 | D:5      | Reached XP level 2. HP: 24/29 MP: 2/2
   652 | D:5      | Reached XP level 3. HP: 29/35 MP: 3/3
  1125 | D:2      | Reached skill level 1 in Invocations
  1311 | D:1      | Reached skill level 1 in Short Blades
  1311 | D:1      | Reached skill level 1 in Axes
  1311 | D:1      | Reached skill level 1 in Maces & Flails
  1311 | D:1      | Reached skill level 1 in Polearms
  1311 | D:1      | Reached skill level 1 in Staves
  1311 | D:1      | Reached skill level 1 in Slings
  1311 | D:1      | Reached skill level 1 in Bows
  1311 | D:1      | Reached skill level 1 in Crossbows
  1311 | D:1      | Reached skill level 1 in Throwing
  1311 | D:1      | Reached skill level 1 in Armour
  1311 | D:1      | Reached skill level 1 in Shields
  1311 | D:1      | Reached skill level 1 in Unarmed Combat
  1311 | D:1      | Reached skill level 1 in Spellcasting
  1311 | D:1      | Reached skill level 1 in Evocations
  1454 | D:1      | Reached XP level 4. HP: 41/41 MP: 5/5
  2021 | D:2      | Reached skill level 1 in Conjurations
  2021 | D:2      | Reached skill level 1 in Hexes
  2021 | D:2      | Reached skill level 1 in Summonings
  2021 | D:2      | Reached skill level 1 in Necromancy
  2021 | D:2      | Reached skill level 1 in Translocations
  2021 | D:2      | Reached skill level 1 in Transmutations
  2021 | D:2      | Reached skill level 1 in Fire Magic
  2021 | D:2      | Reached skill level 1 in Ice Magic
  2021 | D:2      | Reached skill level 1 in Air Magic
  2021 | D:2      | Reached skill level 1 in Earth Magic
  2021 | D:2      | Reached skill level 1 in Poison Magic
  2700 | D:3      | Noticed a centaur
  2702 | D:3      | Reached XP level 5. HP: 45/47 MP: 6/6
  2867 | D:2      | Killed a centaur
  2899 | D:3      | Reached XP level 6. HP: 53/53 MP: 8/8
  2915 | D:3      | Noticed Grinder
  2931 | D:3      | Killed Grinder
  2931 | D:3      | Reached skill level 5 in Long Blades
  2931 | D:3      | Reached skill level 5 in Dodging
  3067 | D:3      | Reached XP level 7. HP: 59/59 MP: 10/10
  3513 | D:4      | Found a blossoming altar of Fedhas.
  3520 | D:4      | Became a worshipper of Fedhas Madash
  4733 | D:5      | Noticed Edmund
  4889 | D:5      | Found a staircase to the Ecumenical Temple.
  4921 | Temple   | Entered the Ecumenical Temple
  5312 | D:5      | Killed Edmund
  5312 | D:5      | Reached * piety under Fedhas
  5312 | D:5      | Reached skill level 10 in Stealth
  5312 | D:5      | Reached XP level 8. HP: 67/67 MP: 12/12
  5694 | D:5      | Found a white marble altar of Elyvilon.
  5974 | D:6      | Noticed a wyvern
  6883 | D:7      | Reached XP level 9. HP: 60/72 MP: 14/14
  7739 | D:7      | Reached ** piety under Fedhas
  8364 | D:8      | Reached skill level 5 in Invocations
  9542 | D:8      | Found a sparkling altar of Nemelex Xobeh.
  9982 | D:9      | Reached XP level 10. HP: 80/80 MP: 17/17
 10232 | D:9      | Reached skill level 5 in Short Blades
 10232 | D:9      | Reached skill level 5 in Axes
 10232 | D:9      | Reached skill level 5 in Maces & Flails
 10232 | D:9      | Reached skill level 5 in Polearms
 10232 | D:9      | Reached skill level 5 in Staves
 10232 | D:9      | Reached skill level 5 in Slings
 10232 | D:9      | Reached skill level 5 in Bows
 10232 | D:9      | Reached skill level 5 in Crossbows
 10232 | D:9      | Reached skill level 5 in Throwing
 10232 | D:9      | Reached skill level 5 in Armour
 10232 | D:9      | Reached skill level 5 in Shields
 10232 | D:9      | Reached skill level 5 in Unarmed Combat
 10232 | D:9      | Reached skill level 5 in Spellcasting
 10232 | D:9      | Reached skill level 5 in Evocations
 10290 | D:9      | Noticed Veteran's ghost (novice DECj)
 10290 | D:9      | Found a runed translucent gate.
 10291 | D:9      | Found a runed translucent gate.
 10291 | D:9      | Identified the +2 dire flail of the Smoking Jester {vorpal,
                  | rPois rN+ MP+9 SInv}
 10292 | D:9      | Found a roughly hewn altar of Beogh.
 10292 | D:9      | Found a runed translucent gate.
 10527 | D:9      | Reached *** piety under Fedhas
 10555 | D:9      | Found a radiant altar of Vehumet.
 10820 | D:9      | Found a staircase to the Orcish Mines.
 11011 | D:9      | Identified a scroll of acquirement
 11027 | D:9      | Acquired the +2 pair of gloves of Parlour Games {Harm Str+3
                  | Dex+4}
 11042 | D:9      | Noticed a two-headed ogre
 11087 | D:9      | Killed a two-headed ogre
 11520 | D:10     | Entered Level 10 of the Dungeon
 11821 | D:10     | Reached skill level 11 in Stealth
 11972 | D:10     | Noticed Psyche
 12410 | D:10     | Killed Psyche
 12410 | D:10     | Reached XP level 11. HP: 64/87 MP: 17/19
 12934 | D:10     | Found a staircase to the Lair.
 13271 | D:11     | Noticed Josephine
 13372 | D:11     | Noticed a red ugly thing
 13382 | D:11     | Killed a red ugly thing
 13382 | D:11     | Reached **** piety under Fedhas
 13382 | D:11     | Reached skill level 5 in Conjurations
 13382 | D:11     | Reached skill level 5 in Hexes
 13382 | D:11     | Reached skill level 5 in Summonings
 13382 | D:11     | Reached skill level 5 in Necromancy
 13382 | D:11     | Reached skill level 5 in Translocations
 13382 | D:11     | Reached skill level 5 in Transmutations
 13382 | D:11     | Reached skill level 5 in Fire Magic
 13382 | D:11     | Reached skill level 5 in Ice Magic
 13382 | D:11     | Reached skill level 5 in Air Magic
 13382 | D:11     | Reached skill level 5 in Earth Magic
 13382 | D:11     | Reached skill level 5 in Poison Magic
 13402 | D:11     | Found Fohic's Pet Rocks.
 14214 | D:11     | Noticed a boulder beetle
 14346 | D:11     | Noticed Josephine
 14346 | D:11     | Josephine changed into Josephine the polar bear
 14361 | D:10     | Killed Josephine the polar bear
 14555 | D:11     | Noticed an unseen horror
 14562 | D:11     | Killed an unseen horror
 15056 | D:9      | Killed Veteran's ghost
 15255 | Lair:1   | Entered Level 1 of the Lair of Beasts
 15320 | Lair:1   | Reached ***** piety under Fedhas
 15848 | Lair:1   | Got a transparent flail
 15849 | Lair:1   | Identified the +0 flail of Pain and Death {vorpal, Str+4
                  | Dex+4} (You found it on level 1 of the Lair of Beasts)
 15886 | Lair:1   | Reached XP level 12. HP: 93/96 MP: 22/22
 16787 | Lair:2   | Found a hole to the Spider Nest.
 16849 | Lair:2   | Noticed a death yak
 16899 | Lair:2   | Killed a death yak
 16913 | Lair:2   | Noticed a six-headed hydra
 16922 | Lair:2   | Killed a six-headed hydra
 17209 | Lair:2   | Reached skill level 10 in Fighting
 18020 | Lair:3   | Reached skill level 12 in Stealth
 18031 | Lair:3   | Noticed an eight-headed hydra
 18044 | Lair:3   | Reached XP level 13. HP: 55/103 MP: 24/24
 19291 | Lair:4   | Found a staircase to the Swamp.
 19777 | Lair:5   | Found a dark tunnel.
 19818 | Volcano  | Entered a volcano
 20513 | Volcano  | Noticed a fire dragon
 20544 | Volcano  | Killed a fire dragon
 20544 | Volcano  | Reached XP level 14. HP: 74/111 MP: 23/26
 20983 | Volcano  | Identified a +0 pair of boots of running (You found it in a
                  | volcano)
 21117 | Lair:5   | Reached skill level 10 in Long Blades
 21117 | Lair:5   | Reached skill level 10 in Dodging
 21843 | Lair:6   | Entered Level 6 of the Lair of Beasts
 21843 | Lair:6   | Found a staircase to the Slime Pits.
 21976 | Lair:6   | Noticed Perttuleena's ghost (journeyman MiGl)
 22342 | Lair:6   | Reached skill level 10 in Invocations
 22367 | Lair:6   | Reached ****** piety under Fedhas
 22563 | Lair:6   | Found a runed translucent gate.
 22563 | Lair:6   | Found a runed translucent gate.
 22566 | Lair:6   | Found a runed translucent gate.
 24404 | D:12     | Noticed Fannar
 24408 | D:12     | Killed Fannar
 24408 | D:12     | Reached skill level 13 in Stealth
 24665 | D:12     | Found a burning altar of Makhleb.
 25271 | D:12     | Reached XP level 15. HP: 112/119 MP: 28/28
 25765 | D:13     | Noticed Frances
 25785 | D:13     | Killed Frances
 27230 | D:13     | Reached skill level 10 in Short Blades
 27230 | D:13     | Reached skill level 10 in Axes
 27230 | D:13     | Reached skill level 10 in Maces & Flails
 27230 | D:13     | Reached skill level 10 in Polearms
 27230 | D:13     | Reached skill level 10 in Staves
 27230 | D:13     | Reached skill level 10 in Slings
 27230 | D:13     | Reached skill level 10 in Bows
 27230 | D:13     | Reached skill level 10 in Crossbows
 27230 | D:13     | Reached skill level 10 in Throwing
 27230 | D:13     | Reached skill level 10 in Armour
 27230 | D:13     | Reached skill level 10 in Shields
 27230 | D:13     | Reached skill level 10 in Unarmed Combat
 27230 | D:13     | Reached skill level 10 in Spellcasting
 27230 | D:13     | Reached skill level 10 in Evocations
 27500 | D:13     | Found a gate to the Vaults.
 27932 | D:14     | Found a gate leading to a gauntlet.
 27957 | Gauntlet | Entered a Gauntlet
 27957 | Gauntlet | Found a transporter.
 27960 | Gauntlet | Found a transporter.
 27964 | Gauntlet | Found a transporter.
 27969 | Gauntlet | Found a transporter.
 27972 | Gauntlet | Found a transporter.
 27976 | Gauntlet | Found a transporter.
 27981 | Gauntlet | Found a transporter.
 27984 | Gauntlet | Found a transporter.
 27988 | Gauntlet | Found a transporter.
 27992 | Gauntlet | Found a runed translucent door.
 27992 | Gauntlet | Found a runed translucent door.
 27996 | Gauntlet | Found a transporter.
 28000 | Gauntlet | Found a transporter.
 28013 | Gauntlet | Found a transporter.
 28029 | Gauntlet | Found a transporter.
 28041 | Gauntlet | Found a transporter.
 28368 | Gauntlet | Learned a level 3 spell: Mephitic Cloud
 28404 | Gauntlet | Got a glittering brass ring
 28408 | Gauntlet | Identified the ring of Divine Compulsion {rPois MR+ MP+9
                  | Int-3 Slay+3} (You found it in a Gauntlet)
 28587 | Gauntlet | Identified the Handbook of Scorching Stones
 28591 | Gauntlet | Got a slimy buckler
 28591 | Gauntlet | Got a fine leather armour
 28602 | Gauntlet | Identified the cursed -3 buckler "Dupewy" {rC+ Int+3} (You
                  | found it in a Gauntlet)
 28613 | Gauntlet | Identified the cursed +0 leather armour of Melancholy
                  | {Regen+} (You found it in a Gauntlet)
 29062 | D:14     | Noticed Agnes
 29074 | D:14     | Killed Agnes
 29986 | D:15     | Entered Level 15 of the Dungeon
 30468 | D:15     | Reached XP level 16. HP: 98/127 MP: 30/30
 31013 | D:15     | Found a staircase to the Depths.
 31373 | Orc:1    | Entered Level 1 of the Orcish Mines
 31584 | Orc:2    | Entered Level 2 of the Orcish Mines
 31584 | Orc:2    | Found Fenoock's Antique Armour Shop.
 31597 | Orc:2    | Found Paph's Distillery.
 31616 | Orc:1    | Noticed Jorgrun
 31624 | Orc:1    | Killed Jorgrun
 31950 | Orc:2    | Found a staircase to the Elven Halls.
 31966 | Orc:2    | Found a roughly hewn altar of Beogh.
 32046 | Orc:2    | Found Bixzaisch's Book Emporium.
 32185 | Orc:2    | Found Weluatot's Book Shop.
 32621 | Orc:2    | Found a roughly hewn altar of Beogh.
 32639 | Orc:2    | Found Damicrun's Weapon Shop.
 32767 | Orc:2    | Found a roughly hewn altar of Beogh.
 32922 | Orc:2    | Found a roughly hewn altar of Beogh.
 32934 | Orc:2    | Found Ipanaweu's Jewellery Shoppe.
 32947 | Orc:2    | Bought an uncursed amulet of guardian spirit for 450 gold
                  | pieces
 33250 | Orc:2    | Found Iddu's Antique Weapon Shop.
 33251 | Orc:2    | Found a roughly hewn altar of Beogh.
 33255 | Orc:2    | Found Pysix's Antique Armour Boutique.
 33303 | Orc:2    | Bought a crystal long sword for 280 gold pieces
 33303 | Orc:2    | Identified the +10 long sword "Elocsec" {drain, rF+} (You
                  | bought it in a shop on level 2 of the Orcish Mines)
 33562 | Lair:6   | Killed Perttuleena's ghost
 33710 | Spider:1 | Entered Level 1 of the Spider Nest
 33745 | Spider:1 | Noticed Nikola
 33758 | Spider:1 | Killed Nikola
 33880 | Spider:1 | Reached skill level 14 in Stealth
 33891 | Spider:1 | HP: 1/129 [something[the player character] (28)]
 33891 | Spider:1 | Slain by a wolf spider

Illustrated notes

Levels and vault maps discovered:
D:1:      lightli_arrival_isolated_outpost, layout_basic
D:2:      layout_basic, grunt_decor_junction
D:3:      layout_loops_ring, uniq_grinder
D:4:      layout_layer_cave, fedhas_altar_2
D:5:      layout_loops_ring, lemuel_coloured_pillars_altar,
          minmay_temple_entry_mist, minmay_misc_feat_square,
          minmay_misc_feat_iff, minmay_tree_intersection, st_stairs_7,
          uniq_edmund
D:6:      layout_basic
D:7:      layout_rooms
D:8:      layout_layer_cave, nemelex_lonely_heart_becter
D:9:      layout_long_grid, orc_0_dummy, basic_altar,
          biasface_ghost_orc_armoury, minmay_fountain_box
D:10:     layout_basic, lair_entry_dummy, uniq_psyche
D:11:     layout_roguey, guppyfry_shop_earth, uniq_josephine
D:12:     layout_roguey [special_room_bee], minmay_ruined_shrine, uniq_fannar
D:13:     layout_irregular_city, grunt_vaults_entry_fortified, uniq_frances
D:14:     layout_basic, gauntlet_entry_generic, serial_bayou_lagoon_a,
          uniq_agnes
D:15:     grunt_enter_depths_snipers, layout_loops_cross
Temple:   nicolae_temple_the_god_donut
Lair:1:   layout_long_grid
Lair:2:   layout_small_grid, spider_nest_entry_web_field
Lair:3:   layout_cave_pods, grunt_megastairs_4
Lair:4:   layout_misc_corridors, skrybe_swamp_entry_bodies
Lair:5:   layout_loops_ring, nicolae_volcano_entry_two_sided
Lair:6:   minmay_lair_end_frog_pond, layout_cave_pods,
          nicolae_slime_entry_slimehenge, gammafunk_ghost_split
Spider:1: layout_spider_delve, gammafunk_ghost_tricky_traps,
          nicolae_crawler_farm, uniq_roxanne, uniq_nikola
Orc:1:    layout_caves, uniq_jorgrun
Orc:2:    grunt_orc_community_town_hall, layout_caves,
          grunt_orc_community_big_house_1, grunt_orc_community_big_house_1,
          grunt_orc_community_house_1, grunt_orc_community_house_1,
          grunt_orc_community_house_3, grunt_orc_community_house_3,
          serial_shops, nicolae_shop_stone, shop, shop, shop_statue,
          sword_in_stone

Skill      XL: |  1  2  3  4  5  6  7  8  9 10 11 12 13 14 15 16 |
---------------+-------------------------------------------------+-----
Stealth        | 10 11 12 13 14 | 14.0
Invocations    | 1 2 3 4 5 6 7 8 9 10 11 | 11.9
Short Blades   | 1 2 3 4 5 6 7 8 9 10 11 | 11.0
Axes           | 1 2 3 4 5 6 7 8 9 10 11 | 11.0
Maces & Flails | 1 2 3 4 5 6 7 8 9 10 11 | 11.0
Polearms       | 1 2 3 4 5 6 7 8 9 10 11 | 11.0
Staves         | 1 2 3 4 5 6 7 8 9 10 11 | 11.0
Slings         | 1 2 3 4 5 6 7 8 9 10 11 | 11.0
Bows           | 1 2 3 4 5 6 7 8 9 10 11 | 11.0
Crossbows      | 1 2 3 4 5 6 7 8 9 10 11 | 11.0
Throwing       | 1 2 3 4 5 6 7 8 9 10 11 | 11.0
Armour         | 1 2 3 4 5 6 7 8 9 10 11 | 11.0
Shields        | 1 2 3 4 5 6 7 8 9 10 11 | 11.0
Unarmed Combat | 1 2 3 4 5 6 7 8 9 10 11 | 11.0
Spellcasting   | 1 2 3 4 5 6 7 8 9 10 11 | 11.0
Evocations     | 1 2 3 4 5 6 7 8 9 10 11 | 11.0
Conjurations   | 1 2 3 4 5 6 7 8 9 |  9.4
Hexes          | 1 2 3 4 5 6 7 8 9 |  9.4
Summonings     | 1 2 3 4 5 6 7 8 9 |  9.4
Necromancy     | 1 2 3 4 5 6 7 8 9 |  9.4
Translocations | 1 2 3 4 5 6 7 8 9 |  9.4
Transmutations | 1 2 3 4 5 6 7 8 9 |  9.4
Fire Magic     | 1 2 3 4 5 6 7 8 9 |  9.4
Ice Magic      | 1 2 3 4 5 6 7 8 9 |  9.4
Air Magic      | 1 2 3 4 5 6 7 8 9 |  9.4
Earth Magic    | 1 2 3 4 5 6 7 8 9 |  9.4
Poison Magic   | 1 2 3 4 5 6 7 8 9 |  9.4
Long Blades    | 5 6 7 8 9 10 11 | 11.8
Dodging        | 5 6 7 8 9 10 11 | 11.8
Fighting       | 7 8 9 10 11 12 | 12.5

Action                   |  1- 3 |  4- 6 |  7- 9 | 10-12 | 13-15 | 16-18 || total
-------------------------+-------+-------+-------+-------+-------+-------++-------
Melee: Falchion          |    23 |       |       |       |       |       ||    23
       Bite              |     7 |    11 |    42 |    98 |    62 |     7 ||   227
       Long sword        |    46 |    60 |    51 |       |       |    30 ||   187
       Punch             |     1 |       |       |       |       |       ||     1
       Flail             |       |       |   111 |       |       |       ||   111
       Scimitar          |       |       |    23 |   467 |   318 |     9 ||   817
       Morningstar       |       |       |       |     1 |     1 |       ||     2
 Fire: Hunting sling     |       |    51 |   234 |    26 |       |       ||   311
       Fustibalus        |       |       |       |       |   808 |   235 ||  1043
Throw: Stone             |    19 |     9 |     1 |       |       |       ||    29
       Boomerang         |       |     6 |    44 |   143 |    66 |    29 ||   288
       Dart              |       |       |    22 |    57 |    40 |       ||   119
       Javelin           |       |       |     2 |     4 |       |       ||     6
       Throwing net      |       |       |       |     2 |       |       ||     2
Invok: Wall of Briars    |       |       |       |     2 |       |       ||     2
       Grow Ballistomyce |       |       |       |     3 |     6 |     7 ||    16
Evoke: Wand              |       |     3 |     2 |    13 |     9 |     1 ||    28
       Lightning rod     |       |       |       |       |    13 |     3 ||    16
       Condenser vane    |       |       |       |       |     7 |     2 ||     9
       Phantom mirror    |       |       |       |       |     1 |     1 ||     2
  Use: Scroll            |     8 |     1 |     9 |    11 |    17 |     2 ||    48
       Potion            |     1 |       |       |     1 |     3 |     3 ||     8
 Stab: Sleeping          |     3 |     4 |       |       |       |       ||     7
       Paralysed         |       |     5 |     5 |       |       |       ||    10
       Confused          |       |       |       |     1 |     4 |     1 ||     6
       Invisible         |       |       |       |       |     1 |       ||     1
       Distracted        |       |       |       |       |       |     1 ||     1
Armor: Leather armour    |     4 |       |       |       |       |       ||     4
       Ring mail         |    21 |    14 |    52 |       |       |       ||    87
       Chain mail        |       |       |    13 |    38 |       |       ||    51
       Plate armour      |       |       |       |   120 |   217 |    39 ||   376
Dodge: Dodged            |    42 |    52 |    94 |   142 |   258 |    56 ||   644
Block: Kite shield       |       |       |    81 |   270 |   376 |    83 ||   810
       Rpst.: Falchion   |     5 |       |       |       |       |       ||     5
       Long sword        |    13 |    14 |    11 |       |       |     9 ||    47
       Scimitar          |       |       |     1 |    38 |    34 |       ||    73

Table legend: (Time is in decaauts)
 A = Elapsed time spent in this place.
 B = Non-inter-level travel time spent in this place.
 C = Inter-level travel time spent in this place.
 D = Time resting spent in this place.
 E = Time spent auto-exploring this place.
 F = Levels seen in this place.
 G = Mean time per level.
                   A        B        C        D        E       F      G
               +--------+--------+--------+--------+--------+-----+--------+
         Total |  33273 |  30960 |   2313 |   2873 |  18007 |  27 | 1232.3 |
       Dungeon |  21160 |  19527 |   1633 |   2583 |  10082 |  15 | 1410.7 |
        Temple |    245 |    234 |     11 |      0 |    234 |   1 |  245.0 |
          Lair |   8062 |   7452 |    610 |    257 |   5355 |   6 | 1343.7 |
   Spider Nest |    151 |    151 |      0 |      0 |     20 |   1 |  151.0 |
  Orcish Mines |   1817 |   1759 |     58 |      0 |   1169 |   2 |  908.5 |
       Volcano |   1177 |   1177 |      0 |     32 |    703 |   1 | 1177.0 |
      Gauntlet |    659 |    659 |      0 |      0 |    442 |   1 |  659.0 |
               +--------+--------+--------+--------+--------+-----+--------+

Top non-repeatable levels by time:
    D:10: 2629 daAuts
  Lair:6: 2420 daAuts
     D:7: 1885 daAuts
     D:9: 1855 daAuts
    D:12: 1743 daAuts
     D:5: 1707 daAuts
    D:13: 1609 daAuts
  Lair:2: 1585 daAuts
    D:11: 1420 daAuts
  Lair:3: 1363 daAuts
     D:8: 1362 daAuts
  Lair:1: 1337 daAuts
   Orc:2: 1307 daAuts
 Volcano: 1177 daAuts
     D:4: 1169 daAuts
